 Dungeon Crawl Stone Soup version 0.29-a0-284-gf9362112df (webtiles) character file.

Game seed: 7511108620833517455

407 bande the Covered (level 6, -10/39 HPs)
             Began as a Gargoyle Fighter on Apr 1, 2022.
             Mangled by an ogre
             ... wielding a +0 giant club
              (12 damage)
             ... on level 4 of the Dungeon.
             The game lasted 00:07:32 (4154 turns).

bande the Covered (Gargoyle Fighter)                Turns: 4154, Time: 00:07:33

Health: -10/39     AC: 15    Str: 19    XL:     6   Next: 88%
Magic:  6/6        EV:  7    Int:  9    God:
Gold:   208        SH:  4    Dex: 11    Spells: 5/5 levels left

rFire   . . .      SeeInvis .   a - +0 war axe
rCold   . . .      Faith    .   c - +0 buckler
rNeg    + . .      Spirit   .   b - +0 chain mail
rPois   ∞          Reflect  .   h - +0 helmet
rElec   +          Harm     .   (no cloak)
rCorr   .          Rampage  .   (no gloves)
Will    .....                   (no boots)
Stlth   ..........              (no amulet)
HPRegen 0.13/turn               (no ring)
MPRegen 0.10/turn               (no ring)

@: no status effects
A: sickness immunity, AC +4, negative energy resistance 1, electricity
resistance, torment resistance 1, petrification resistance
a: no special abilities


You were on level 4 of the Dungeon.
You visited 1 branch of the dungeon, and saw 4 of its levels.

You collected 208 gold pieces.

Inventory:

Hand Weapons
 a - a +0 war axe (weapon)
Armour
 b - a +0 chain mail (worn)
 c - a +0 buckler (worn)
 h - a +0 helmet (worn)
 j - a +0 chain mail
 k - a +0 pair of gloves
Jewellery
 q - a ring of ice
Wands
 n - a wand of flame (10)
Scrolls
 e - 2 scrolls of identify
 f - 2 scrolls of teleportation {unknown}
 m - a scroll of enchant armour {unknown}
 p - a scroll of vulnerability {unknown}
Potions
 d - a potion of might
 g - 2 potions of brilliance
 i - a potion of ambrosia
 l - a potion of resistance
 o - a potion of berserk rage {unknown}


   Skills:
 + Level 4.6 Fighting
 + Level 4.6 Axes
 + Level 4.8 Armour
 + Level 4.0 Shields


You had 5 spell levels left.
You didn't know any spells.
Your spell library contained the following spells:

 Spells                   Type           Power      Damage    Failure   Level
 Magic Dart               Conj           0%         1d3       99%         1
 Call Imp                 Summ           0%         N/A       100%        2
 Mephitic Cloud           Conj/Pois/Air  0%         N/A       100%        3


Dungeon Overview and Level Annotations

Branches:
Dungeon (4/15)
 Temple: D:4-7

Altars:
Gozag
Hepliaklqana
Xom

Shops:
D:3 (

Annotations:
D:4 3 runed translucent doors, Juicyj's ghost, weakling KoBr


Innate Abilities, Weirdness & Mutations

You are immune to sickness and miasma.
Your stone body is resilient. (AC +4)
You are immune to poison.
You resist negative energy. (rN+)
You are resistant to electric shocks. (rElec)
You are resistant to unholy torment.
You are immune to petrification.


Message History

Found 17 gold pieces.
You barely miss the hobgoblin. The hobgoblin barely misses you.
The hobgoblin closely misses you.
You hit the hobgoblin.
The hobgoblin is lightly wounded.
The hobgoblin hits you but does no damage.
You hit the hobgoblin.
The hobgoblin is severely wounded.
You block the hobgoblin's attack.
You hit the hobgoblin.
You kill the hobgoblin!
No reachable target in view!
No reachable target in view!
No reachable target in view!
No reachable target in view!
No reachable target in view!
You now have 208 gold pieces (gained 17).
You open the door.
There is an open door here.
The goblin shouts!
Items here: ) [ ÷÷.
There is an open door here.
q - a ring of ice An ogre comes into view.
It is wielding a +0 giant club.
The ogre shouts!
An ogre is nearby!
Found 3 scrolls of identify.
You hit the ogre but do no damage. You block the ogre's attack.
You hit the ogre but do no damage. The ogre hits you but does no damage.
You slash the ogre!
The ogre is heavily wounded.
The ogre hits you with a +0 giant club!!
You slash the ogre!
The ogre is almost dead.
The ogre hits you with a +0 giant club!!
* * * LOW HITPOINT WARNING * * *
You hit the ogre but do no damage.
The ogre is almost dead.
The ogre hits you with a +0 giant club!
You die...

## .. .# ##.### #####....
...#..# # ...#
###.#..#.#...# ...#
#..O@........ ...#
#.#.#.#####.# ...#
#.#.#####.# ...########
.?#.......#
..........###.#####.....#
...........##...........#
.....).....##.#####.....#
...#######.##.#
#.....##### ...#
####.##.## ####......#


You could see an ogre.

Vanquished Creatures
  A phantom (D:4)
  A necrophage (D:4)
  A hound (D:4)
  Jessica (D:3)
  Ijyb (D:3)
  An orc wizard (D:3)
  Robin (D:2)
  A gnoll (D:1)
  4 adders
  2 worms
  3 dart slugs
  3 orcs
  4 bats
  8 endoplasms
  2 giant cockroaches
  17 goblins
  15 hobgoblins
  10 kobolds
  6 ball pythons
  9 frilled lizards
  7 rats
98 creatures vanquished.

Vanquished Creatures (others)
  A plant (D:2)
1 creature vanquished.

Grand Total: 99 creatures vanquished

Notes
Turn   | Place    | Note
-------+----------+-------------------------------------------
     0 | D:1      | bande the Gargoyle Fighter began the quest for the Orb.
     0 | D:1      | Reached XP level 1. HP: 14/14 MP: 1/1
    96 | D:1      | Reached XP level 2. HP: 20/20 MP: 2/2
   243 | D:1      | HP: 1/20 [gnoll/+0 flail (1)]
   248 | D:1      | Reached XP level 3. HP: 2/24 MP: 3/3
   615 | D:1      | Found a faded altar of an unknown god.
  1232 | D:2      | Reached XP level 4. HP: 20/29 MP: 4/4
  1548 | D:2      | Noticed Robin
  1559 | D:2      | Killed Robin
  2505 | D:2      | Reached XP level 5. HP: 32/33 MP: 5/5
  3119 | D:3      | Found an opulent altar of Gozag.
  3351 | D:3      | Noticed Ijyb
  3357 | D:3      | Killed Ijyb
  3413 | D:3      | Found Byhabar's Weapon Emporium.
  3430 | D:3      | Noticed Jessica
  3437 | D:3      | Killed Jessica
  3438 | D:3      | Reached XP level 6. HP: 33/39 MP: 6/6
  3694 | D:4      | Found a shimmering altar of Xom.
  3700 | D:4      | Found a hazy altar of Hepliaklqana.
  4028 | D:4      | Found a runed translucent gate.
  4028 | D:4      | Found a runed translucent gate.
  4031 | D:4      | Found a runed translucent gate.
  4032 | D:4      | Noticed Juicyj's ghost (weakling KoBr)
  4070 | D:4      | Noticed a spectral ugly thing
  4154 | D:4      | Mangled by an ogre

Illustrated notes

Levels and vault maps discovered:
D:1:      amcnicky_arrival_blooded_trapdoor, layout_loops_ring,
          hellmonk_ecumenical_altar_heavens_door
D:2:      minmay_chambers_of_twos, layout_rooms, chequers_hall_statues_corner_a,
          minmay_misc_feat_plants, minmay_misc_feat_tower, serial_bayou_pond_a,
          glass_columns_a, chequers_serial_rivers_micro_b, uniq_robin
D:3:      layout_loops_ring, grunt_gozag_statues, serial_shops, shop,
          minmay_diced_spiral, uniq_ijyb, uniq_jessica
D:4:      layout_loops_cross, regret_index_temple_of_mockery,
          old_standard_altar, gammafunk_ghost_necromancy, uniq_grinder

Skill      XL: |  1  2  3  4  5  6 |
---------------+-------------------+-----
Axes           | 2 3 4 |  4.6
Armour         | 4 |  4.8
Fighting       | 4 |  4.6
Shields        | 4 |  4.0

Action                   |  1- 3 |  4- 6 || total
-------------------------+-------+-------++-------
Melee: War axe           |    97 |   204 ||   301
  Use: Scroll            |     2 |     2 ||     4
Armor: Scale mail        |    68 |    32 ||   100
       Chain mail        |       |   110 ||   110
Dodge: Dodged            |    61 |    81 ||   142
Block: Buckler           |    29 |    44 ||    73

Table legend: (Time is in decaauts)
 A = Elapsed time spent in this place.
 B = Non-inter-level travel time spent in this place.
 C = Inter-level travel time spent in this place.
 D = Time resting spent in this place.
 E = Time spent auto-exploring this place.
 F = Levels seen in this place.
 G = Mean time per level.
                   A        B        C        D        E       F      G
               +--------+--------+--------+--------+--------+-----+--------+
         Total |   4271 |   4271 |      0 |    757 |   2550 |   4 | 1067.8 |
       Dungeon |   4271 |   4271 |      0 |    757 |   2550 |   4 | 1067.8 |
               +--------+--------+--------+--------+--------+-----+--------+

Top non-repeatable levels by time:
     D:2: 1651 daAuts
     D:1: 1137 daAuts
     D:3: 990 daAuts
     D:4: 491 daAuts
